MWL (24 & UNDER)
PLUMSTEAD EAGLES @ MANHATTEN MEATHEADS
07/24/2023
 
TOP OF THE 1ST
Plumstead Eagles batting - Pitching for Manhatten Meatheads : LHP Kelly Henry
Pitching: LHP Kelly Henry
Batting: RHB Tim Gardner 0-0: Foul Ball, location: 2F
0-1: Ball
1-1: Foul Ball, location: 2F
1-2: Ball
2-2: Foul Ball, location: 2F
2-2: Ball
3-2: Base on Balls
Batting: RHB Norogumi Tanaka 0-0: Foul Ball, location: 2F
0-1: Swinging Strike
0-2: Foul Ball, location: 2F
0-2: Fly out, F7 (Line Drive, 7M)
Batting: LHB Eduardo Rodríguez 0-0: Ball
1-0: Ball
2-0: Foul Ball, location: 2F
2-1: Foul Ball, location: 2F
2-2: Ball
3-2: Foul Ball, location: 2F
3-2: Foul Ball, location: 2F
3-2: Grounds into double play, 6-4-3 (Groundball, 6)
Top of the 1st over - 0 run(s), 0 hit(s), 0 error(s), 0 left on base; Plumstead 0 - Manhatten 0
BOTTOM OF THE 1ST
Manhatten Meatheads batting - Pitching for Plumstead Eagles : LHP Armando Rodríguez
Pitching: LHP Armando Rodríguez
Batting: RHB Mitch Thomas 0-0: Called Strike
0-1: Ball
1-1: Fly out, F7 (Flyball, 78M)
Batting: RHB Kyle O'Day 0-0: Ball
1-0: Called Strike
1-1: Ball
2-1: Reached on error, E2 (Groundball, 2R)
Batting: LHB Dave Watt 0-0: Ball
Kyle O'Day is caught stealing 2nd base
1-0: Ball
2-0: SINGLE (Groundball, 6MD) (infield hit)
Batting: RHB William Moore 0-0: Ball
Dave Watt is caught stealing 2nd base
Bottom of the 1st over - 0 run(s), 1 hit(s), 1 error(s), 0 left on base; Plumstead 0 - Manhatten 0
TOP OF THE 2ND
Plumstead Eagles batting - Pitching for Manhatten Meatheads : LHP Kelly Henry
Batting: SHB Nate Rhodes 0-0: Foul Ball, location: 2F
0-1: Ball
1-1: Ball
2-1: Ground out 5-3 (Groundball, 5L)
Batting: RHB Juan Magdayao 0-0: Called Strike
0-1: Called Strike
0-2: Ground out 6-3 (Groundball, 6)
Batting: RHB David Moran 0-0: Called Strike
0-1: Ball
1-1: Called Strike
1-2: Ball
2-2: Fly out, F6 (Popup, 56)
Top of the 2nd over - 0 run(s), 0 hit(s), 0 error(s), 0 left on base; Plumstead 0 - Manhatten 0
BOTTOM OF THE 2ND
Manhatten Meatheads batting - Pitching for Plumstead Eagles : LHP Armando Rodríguez
Batting: RHB William Moore 0-0: Swinging Strike
0-1: Ball
1-1: SINGLE (Line Drive, 6MD)
Batting: SHB Vitaliano Capuana 0-0: Ball
1-0: Ball
William Moore steals 2nd base
2-0: Ball
3-0: Base on Balls
Batting: RHB Ben Morton 0-0: Foul Ball, location: 2F
0-1: Swinging Strike
0-2: Ball
1-2: Foul Ball, location: 2F
1-2: Strikes out swinging
Batting: RHB Juan Reyes 0-0: Swinging Strike
0-1: Swinging Strike
0-2: Strikes out swinging
Batting: RHB Júlio Galló 0-0: Ball
1-0: Fly out, F8 (Flyball, 8LM)
Bottom of the 2nd over - 0 run(s), 1 hit(s), 0 error(s), 2 left on base; Plumstead 0 - Manhatten 0
TOP OF THE 3RD
Plumstead Eagles batting - Pitching for Manhatten Meatheads : LHP Kelly Henry
Batting: RHB J.J. Leslie 0-0: Ball
1-0: Ball
2-0: Ball
3-0: Base on Balls
Batting: RHB Donald Sanford 0-0: Ball
1-0: Foul Ball, location: 2F
1-1: Called Strike
1-2: Ball
2-2: Strikes out swinging
Batting: RHB Louis Smith 0-0: Called Strike
0-1: Ball
1-1: Swinging Strike
1-2: Ball
2-2: Ball
3-2: Foul Ball, location: 2F
3-2: Foul Ball, location: 2F
3-2: Base on Balls
J.J. Leslie to second
Batting: RHB Tim Gardner 0-0: Called Strike
0-1: Foul Ball, location: 2F
0-2: Strikes out looking
Batting: RHB Norogumi Tanaka 0-0: Called Strike
0-1: Ball
1-1: Ball
2-1: Swinging Strike
2-2: Foul Ball, location: 2F
2-2: Ball
3-2: Foul Ball, location: 2F
3-2: Strikes out swinging
Top of the 3rd over - 0 run(s), 0 hit(s), 0 error(s), 2 left on base; Plumstead 0 - Manhatten 0
BOTTOM OF THE 3RD
Manhatten Meatheads batting - Pitching for Plumstead Eagles : LHP Armando Rodríguez
Batting: RHB Stanley Robbins 0-0: Swinging Strike
0-1: SINGLE (Line Drive, 6MD)
Batting: RHB Mitch Thomas 0-0: Ground out 2-3 (Groundball, 23)
Stanley Robbins to second
Batting: RHB Kyle O'Day 0-0: Called Strike
Stanley Robbins steals 3rd base
0-1: Ball
1-1: Ball
2-1: Foul Ball, location: 2F
2-2: Fly out, F8 (Line Drive, 8RM)
Runner from 3rd tags up, SCORES, no throw
Batting: LHB Dave Watt 0-0: Ball
1-0: Foul Ball, location: 2F
1-1: Ball
2-1: Swinging Strike
2-2: Fly out, F5 (Popup, 56)
Bottom of the 3rd over - 1 run(s), 1 hit(s), 0 error(s), 0 left on base; Plumstead 0 - Manhatten 1
TOP OF THE 4TH
Plumstead Eagles batting - Pitching for Manhatten Meatheads : LHP Kelly Henry
Batting: LHB Eduardo Rodríguez 0-0: Called Strike
0-1: Ground out U3 (Groundball, 3)
Batting: SHB Nate Rhodes 0-0: Foul Ball, location: 2F
0-1: Ball
1-1: Foul Ball, location: 2F
1-2: Strikes out looking
Batting: RHB Juan Magdayao 0-0: Called Strike
0-1: Foul Ball, location: 2F
0-2: Foul Ball, location: 2F
0-2: SINGLE (Line Drive, 34)
Batting: RHB David Moran 0-0: Ground out 6-3 (Groundball, 6)
Top of the 4th over - 0 run(s), 1 hit(s), 0 error(s), 1 left on base; Plumstead 0 - Manhatten 1
BOTTOM OF THE 4TH
Manhatten Meatheads batting - Pitching for Plumstead Eagles : LHP Armando Rodríguez
Batting: RHB William Moore 0-0: Ground out 5-3 (Groundball, 5)
Batting: SHB Vitaliano Capuana 0-0: Called Strike
0-1: Fly out, F8 (Flyball, 8RD)
Batting: RHB Ben Morton 0-0: Foul Ball, location: 2F
0-1: Ball
1-1: Ball
2-1: Ground out 1-3 (Groundball, 15S)
Bottom of the 4th over - 0 run(s), 0 hit(s), 0 error(s), 0 left on base; Plumstead 0 - Manhatten 1
TOP OF THE 5TH
Plumstead Eagles batting - Pitching for Manhatten Meatheads : LHP Kelly Henry
Batting: RHB J.J. Leslie 0-0: Ground out 5-3 (Groundball, 56S)
Batting: RHB Donald Sanford 0-0: Called Strike
0-1: Ball
1-1: Foul Ball, location: 2F
1-2: Ball
2-2: Fly out, F7 (Flyball, 78M)
Batting: RHB Louis Smith 0-0: Called Strike
0-1: Ball
1-1: Called Strike
1-2: Ball
2-2: Ball
3-2: Strikes out swinging
Top of the 5th over - 0 run(s), 0 hit(s), 0 error(s), 0 left on base; Plumstead 0 - Manhatten 1
BOTTOM OF THE 5TH
Manhatten Meatheads batting - Pitching for Plumstead Eagles : LHP Armando Rodríguez
Batting: RHB Juan Reyes 0-0: Ball
1-0: DOUBLE (Line Drive, 89M)
Batting: RHB Júlio Galló 0-0: Called Strike
0-1: Swinging Strike
0-2: Ball
1-2: Strikes out swinging
Batting: RHB Stanley Robbins 0-0: Foul Ball, location: 2F
0-1: SINGLE (Line Drive, 6MD)
Juan Reyes to third
Batting: RHB Mitch Thomas 0-0: Called Strike
0-1: Foul Ball, location: 2F
0-2: Strikes out swinging
Batting: RHB Kyle O'Day 0-0: Called Strike
0-1: Ball
1-1: Ball
2-1: Ball
3-1: SINGLE (Groundball, 56D) (infield hit)
Juan Reyes scores
Stanley Robbins to second
Batting: LHB Dave Watt 0-0: Called Strike
0-1: Ball
1-1: Ground out 4-3 (Groundball, 4)
Bottom of the 5th over - 1 run(s), 3 hit(s), 0 error(s), 2 left on base; Plumstead 0 - Manhatten 2
TOP OF THE 6TH
Plumstead Eagles batting - Pitching for Manhatten Meatheads : LHP Kelly Henry
Batting: RHB Tim Gardner 0-0: Called Strike
0-1: Swinging Strike
0-2: Strikes out looking
Pitching: RHP Víctor Viña
Batting: RHB Norogumi Tanaka 0-0: SINGLE (Line Drive, 56)
Batting: LHB Eduardo Rodríguez 0-0: Called Strike
0-1: Called Strike
Norogumi Tanaka is caught stealing 2nd base
0-2: Fly out, F4 (Line Drive, 4M)
Top of the 6th over - 0 run(s), 1 hit(s), 0 error(s), 0 left on base; Plumstead 0 - Manhatten 2
BOTTOM OF THE 6TH
Manhatten Meatheads batting - Pitching for Plumstead Eagles : LHP Armando Rodríguez
Batting: RHB William Moore 0-0: Ball
1-0: Foul Ball, location: 2F
1-1: Foul Ball, location: 2F
1-2: Ball
2-2: DOUBLE (Line Drive, 7LM)
Batting: SHB Vitaliano Capuana 0-0: Called Strike
0-1: DOUBLE (Line Drive, 9LM)
William Moore scores
Batting: RHB Ben Morton 0-0: Fly out, F6 (Line Drive, 6)
Batting: RHB Juan Reyes 0-0: Called Strike
0-1: Foul Ball, location: 2F
0-2: DOUBLE (Line Drive, 9LS)
Vitaliano Capuana scores
Batting: RHB Júlio Galló 0-0: Swinging Strike
Reached via error on a dropped throw, E3
Juan Reyes to third
Batting: RHB Stanley Robbins 0-0: Swinging Strike
0-1: Called Strike
0-2: Strikes out looking
Batting: RHB Mitch Thomas 0-0: Foul Ball, location: 2F
0-1: Ball
1-1: 3-RUN HOME RUN (Flyball, 7D), Distance : 380 ft
Batting: RHB Kyle O'Day 0-0: Foul Ball, location: 2F
0-1: Ball
1-1: Fly out, F9 (Flyball, 9M)
Bottom of the 6th over - 5 run(s), 4 hit(s), 1 error(s), 0 left on base; Plumstead 0 - Manhatten 7
TOP OF THE 7TH
Plumstead Eagles batting - Pitching for Manhatten Meatheads : RHP Víctor Viña
Batting: SHB Nate Rhodes 0-0: Ball
1-0: Called Strike
1-1: Foul Ball, location: 2F
1-2: Foul Ball, location: 2F
1-2: Ball
2-2: Ball
3-2: Base on Balls
Batting: RHB Juan Magdayao 0-0: Ball
1-0: Called Strike
1-1: Foul Ball, location: 2F
1-2: Ball
2-2: SINGLE (Groundball, 56D)
Nate Rhodes to second
Batting: RHB David Moran 0-0: Called Strike
0-1: Ball
1-1: Swinging Strike
1-2: Strikes out looking
Batting: RHB J.J. Leslie 0-0: Ball
Nate Rhodes steals 3rd base
Juan Magdayao to second
1-0: Called Strike
1-1: Ball
2-1: Foul Ball, location: 2F
2-2: Ball
3-2: Strikes out swinging
Batting: RHB Donald Sanford 0-0: Called Strike
0-1: Ball
1-1: Ball
2-1: Foul Ball, location: 2F
2-2: DOUBLE (Groundball, 5L)
Nate Rhodes scores
Juan Magdayao scores
Batting: RHB Louis Smith 0-0: Ball
1-0: Ball
2-0: Ball
3-0: Base on Balls
Batting: RHB Tim Gardner 0-0: Ball
1-0: Called Strike
1-1: SINGLE (Line Drive, 78S)
Donald Sanford to third
Louis Smith to second
Runner from 3rd tries for Home, throw and OUT!
Top of the 7th over - 2 run(s), 3 hit(s), 0 error(s), 2 left on base; Plumstead 2 - Manhatten 7
BOTTOM OF THE 7TH
Manhatten Meatheads batting - Pitching for Plumstead Eagles : LHP Armando Rodríguez
Pitching: RHP Lane Lund
Batting: LHB Dave Watt 0-0: Ball
1-0: Ball
2-0: SINGLE (Groundball, 6M)
Batting: RHB William Moore 0-0: Called Strike
0-1: Swinging Strike
0-2: Ball
1-2: Ball
2-2: Foul Ball, location: 2F
2-2: Ball
3-2: Foul Ball, location: 2F
3-2: Grounds into double play, 4-6-3 (Groundball, 4)
Batting: SHB Vitaliano Capuana 0-0: Ball
1-0: Swinging Strike
1-1: Ball
2-1: Foul Ball, location: 2F
2-2: Ball
3-2: Base on Balls
Batting: RHB Ben Morton 0-0: Ball
1-0: Ball
2-0: Called Strike
2-1: Foul Ball, location: 2F
2-2: Foul Ball, location: 2F
2-2: SINGLE (Flyball, 8RS)
Vitaliano Capuana to second
Batting: RHB Juan Reyes 0-0: Ball
1-0: Swinging Strike
1-1: Ball
2-1: Swinging Strike
2-2: Foul Ball, location: 2F
2-2: Strikes out swinging
Bottom of the 7th over - 0 run(s), 2 hit(s), 0 error(s), 2 left on base; Plumstead 2 - Manhatten 7
TOP OF THE 8TH
Plumstead Eagles batting - Pitching for Manhatten Meatheads : RHP Víctor Viña
Batting: RHB Norogumi Tanaka 0-0: Ball
1-0: Called Strike
1-1: Swinging Strike
1-2: Foul Ball, location: 2F
1-2: Strikes out swinging
Pitching: RHP Matt Johnston
Batting: LHB Eduardo Rodríguez 0-0: Ground out 6-3 (Groundball, 6M)
Batting: SHB Nate Rhodes 0-0: Ball
1-0: Foul Ball, location: 2F
1-1: Ball
2-1: Foul Ball, location: 2F
2-2: SINGLE (Line Drive, 89S)
Batting: RHB Juan Magdayao 0-0: Swinging Strike
0-1: Swinging Strike
Pickoff Throw to First - Error! E1
Nate Rhodes to second
0-2: Strikes out swinging
Top of the 8th over - 0 run(s), 1 hit(s), 1 error(s), 1 left on base; Plumstead 2 - Manhatten 7
BOTTOM OF THE 8TH
Manhatten Meatheads batting - Pitching for Plumstead Eagles : RHP Lane Lund
Batting: RHB Júlio Galló 0-0: SINGLE (Line Drive, 89S)
Batting: RHB Stanley Robbins 0-0: Bunted foul
0-1: Sac Bunt - play at first, batter OUT! 1-4
Júlio Galló to second
Batting: RHB Mitch Thomas 0-0: Called Strike
0-1: Hit by Pitch
Batting: RHB Kyle O'Day 0-0: Ball
1-0: Ball
2-0: Ball
Balk!
Júlio Galló to third
Mitch Thomas to second
3-0: Base on Balls
Batting: LHB Dave Watt 0-0: Ball
Passed Ball!
Júlio Galló scores
Mitch Thomas to third
Kyle O'Day to second
1-0: Ground out 1-3 (Groundball, 23)
Batting: RHB William Moore 0-0: Fly out, F7 (Line Drive, 7D)
Bottom of the 8th over - 1 run(s), 1 hit(s), 0 error(s), 2 left on base; Plumstead 2 - Manhatten 8
TOP OF THE 9TH
Plumstead Eagles batting - Pitching for Manhatten Meatheads : RHP Matt Johnston
Now at 3B: Ramón Ybarra
Now in CF: Mark McDonald
Batting: RHB David Moran 0-0: Called Strike
0-1: SOLO HOME RUN (Flyball, 7D), Distance : 367 ft
Batting: RHB J.J. Leslie 0-0: Ball
1-0: SINGLE (Groundball, 56)
Batting: RHB Donald Sanford 0-0: Ball
1-0: SINGLE (Line Drive, 6MD)
J.J. Leslie to second
Batting: RHB Louis Smith 0-0: Ball
1-0: Ball
2-0: Foul Ball, location: 2F
2-1: Foul Ball, location: 2F
2-2: Foul Ball, location: 2F
2-2: Ball
3-2: Foul Ball, location: 2F
3-2: SINGLE (Groundball, 25) (infield hit)
J.J. Leslie to third
Donald Sanford to second
Pitching: RHP Mario Tovar
Batting: RHB Tim Gardner 0-0: Ball
1-0: Ball
2-0: Ball
3-0: Base on Balls
J.J. Leslie scores
Donald Sanford to third
Louis Smith to second
Pinch Hitting: LHB Richard Henry 0-0: Ball
1-0: Ball
2-0: Ball
3-0: Called Strike
3-1: Base on Balls
Donald Sanford scores
Louis Smith to third
Tim Gardner to second
Batting: LHB Eduardo Rodríguez 0-0: Called Strike
0-1: Ball
1-1: Swinging Strike
1-2: Ball
2-2: Strikes out swinging
Batting: SHB Nate Rhodes 0-0: Ground out U3 (Groundball, 3S)
Louis Smith scores
Tim Gardner to third
Richard Henry to second
Pinch Hitting: RHB Germano Labrego 0-0: Ball
1-0: Ball
2-0: Called Strike
2-1: Foul Ball, location: 2F
2-2: Foul Ball, location: 2F
2-2: Strikes out swinging
Top of the 9th over - 4 run(s), 4 hit(s), 0 error(s), 2 left on base; Plumstead 6 - Manhatten 8
This league is powered by Out of the Park Baseball, the baseball management simulation game for PC, Mac and Linux
Wednesday, December 2nd, 2015 - OOTP Baseball 16.8 Build 38